 Dungeon Crawl Stone Soup version 0.21.0-3-g78d12a8 (webtiles) character file.

4 tidbits the Magician (level 1, -3/9 HPs)
             Began as a Vine Stalker Wizard on Jan 10, 2018.
             Slain by a leopard gecko (4 damage)
             ... on level 4 of the Dungeon.
             The game lasted 00:02:41 (299 turns).

tidbits the Magician (Vine Stalker Wizard)           Turns: 299, Time: 00:02:42

Health: -3/9       AC:  2    Str:  9    XL:     1   Next: 60%
Magic:  0/5        EV: 12    Int: 18    God:
Gold:   20         SH:  0    Dex: 14    Spells: 5/6 levels left

rFire    . . .     SeeInvis .   (no weapon)
rCold    . . .     Gourm    .   (no shield)
rNeg     . . .     Faith    .   a - +0 robe
rPois    .         Spirit   +   b - +0 hat
rElec    .         Reflect  .   (no cloak)
rCorr    .         Harm     .   (no gloves)
MR       +....                  (no boots)
Stlth    +++.......             (no amulet)
HPRegen  0.03/turn              (no ring)
MPRegen  0.09/turn              (no ring)

@: flying
A: fangs 2, thin skeletal structure 1, magic resistance 1, magic shield,
antimagic bite, no potion heal 3, rot immunity, MP-powered wands
a: no special abilities


You were on level 4 of the Dungeon.
You were not hungry.

You visited 1 branch of the dungeon, and saw 4 of its levels.

You collected 20 gold pieces.

Inventory:

Missiles
 h - 8 tomahawks (quivered)
Armour
 a - a +0 robe (worn)
 b - a +0 hat (worn)
 j - a +0 ring mail
Books
 c - a book of Minor Magic

   Spells                             Type                      Level
   a - Magic Dart                     Conjuration                  1
   b - Blink                          Translocation                2
   c - Call Imp                       Summoning                    2
   d - Slow                           Hexes                        2
   e - Conjure Flame                  Conjuration/Fire             3
   f - Mephitic Cloud                 Conjuration/Poison/Air       3
Comestibles
 d - 4 rations


   Skills:
 + Level 0.5 Fighting
 - Level 1.5 Dodging
 + Level 2.7 Stealth
 - Level 3.2 Spellcasting
 - Level 1.0 Conjurations
   Level 1.0 Summonings
   Level 1.0 Translocations


You had 5 spell levels left.
You knew the following spells:

 Your Spells              Type           Power        Failure   Level  Hunger
a - Magic Dart            Conj           #...         11%         1    None


Dungeon Overview and Level Annotations

Branches:
Dungeon (4/15)
 Temple: D:4-7

Altars:


Innate Abilities, Weirdness & Mutations

You have extremely sharp teeth.
When hurt, damage is shared between your health and your magic reserves.
Your bite disrupts and absorbs the magic of your enemies.
Potions cannot restore your health.
You are immune to rotting.
You have a somewhat thin skeletal structure. (Dex +2, Stealth)
You are resistant to hostile enchantments. (MR+)
You expend magic power (3 MP) to strengthen your wands.


Message History

Aiming: Magic Dart
Press: ? - help, Shift-Dir - straight line, f - hobgoblin
Aim: a hobgoblin, wielding a club The magic dart hits the hobgoblin.
The hobgoblin is moderately wounded.
Casting: Magic Dart
Confirm with . or Enter, or press ? or * to list all spells.
Aiming: Magic Dart
Press: ? - help, Shift-Dir - straight line, f/p - hobgoblin
Aim: a hobgoblin, wielding a club (moderately wounded)
The magic dart hits the hobgoblin.
The hobgoblin is moderately wounded.
The hobgoblin hits you but does no damage.
Casting: Magic Dart
Confirm with . or Enter, or press ? or * to list all spells.
Aiming: Magic Dart
Press: ? - help, Shift-Dir - straight line, f/p - hobgoblin
Aim: a hobgoblin, wielding a club (moderately wounded)
The magic dart hits the hobgoblin.
The hobgoblin is severely wounded.
The hobgoblin hits you but does no damage.
Unknown command.
You hit the hobgoblin.
You bite the hobgoblin, but do no damage.
The hobgoblin is almost dead.
You hit the hobgoblin.
You kill the hobgoblin!
d - 3 rations (gained 1)
You see here a ring mail.
j - a ring mail
Found a ration.
Found 4 large rocks.
Found a stone staircase leading down.
d - 4 rations (gained 1)
There is a stone staircase leading down here.
You climb downwards.
Found 2 white potions, 8 gold pieces and a ration.
There is a stone staircase leading up here.
Unknown command.
Found a scroll labeled EMUGO WIRRAW.
k - 2 white potions An adder comes into view.
You see here 8 gold pieces.
You now have 8 gold pieces.
As you read the scroll labeled IMASCH GIHON, it crumbles to dust.
You feel strangely unstable.
It was a scroll of teleportation.
Blink to where?
Press: ? - help, Dir - move target cursor You are very lightly contaminated with residual magic.
As you read the scroll labeled XEFUBECUIJ, it crumbles to dust.
It was a scroll of blinking.
The adder hisses angrily.
Your surroundings suddenly seem different.
Found 3 puce potions and 12 gold pieces.
As you read the scroll labeled KEYXILE LAOZAO, it crumbles to dust.
The scroll dissolves into smoke.
It was a scroll of fog.
e - a puce potion You now have 20 gold pieces (gained 12).
A worker ant comes into view.
The worker ant twitches its antennae in your direction.
It was a potion of heal wounds.
That seemed strangely inert.
Okay, then.
Okay, then.
It was a potion of mutation.
You feel extremely strange.
You feel your magical essence link to your wands.
Your bones become slightly less dense.
You feel resistant to hostile enchantments.
It was a potion of flight.
You feel very buoyant.
You fly up into the air.
The worker ant barely misses you.
Casting: Magic Dart
Confirm with . or Enter, or press ? or * to list all spells.
Aiming: Magic Dart
Press: ? - help, Shift-Dir - straight line, f - worker ant
Aim: a worker ant The magic dart hits the worker ant.
The worker ant is lightly wounded.
The worker ant bites you.
Okay, then.
As you read the scroll of teleportation, it crumbles to dust.
You feel strangely unstable. The worker ant bites you.
* * * LOW HITPOINT WARNING * * *
Your surroundings suddenly seem different.
Found a potion of heal wounds and a scroll labeled BOSYOT CORRE.
A leopard gecko comes into view.
You see here a potion of heal wounds.
k - 2 potions of heal wounds (gained 1) Drop what? 7/52 slots (_ for help) (? for menu, Esc to quit)
You drop 2 potions of heal wounds.
Your magical contamination has completely faded away.
Casting: Magic Dart
Confirm with . or Enter, or press ? or * to list all spells.
Aiming: Magic Dart
Press: ? - help, Shift-Dir - straight line, f - leopard gecko
Aim: a leopard gecko (clinging)
The magic dart hits the leopard gecko.
The leopard gecko is moderately wounded.
You barely miss the leopard gecko.
The leopard gecko is moderately wounded.
The leopard gecko bites you.
You die...

.....#.........##
....?#......##.#
.8...#.....#.#.####
...8###.... ##....#
.....#..... ####.#
.....#.....
####!######
....#.#....
#.........#
.........
+..l......#
....#.#.
#..@......# .....#
#.........# .....#
#.........# ...8##
#.........# .8...#
#......#### .....#
#......# .....#
.......# ....#.#
........# ...#.#.#


You could see a leopard gecko.

Vanquished Creatures
  A hobgoblin (D:3)
  A frilled lizard (D:1)
  2 kobolds
  A rat (D:2)
5 creatures vanquished.

Notes
Turn   | Place    | Note
-------+----------+-------------------------------------------
     0 | D:1      | tidbits the Vine Stalker Wizard began the quest for the Orb.
     0 | D:1      | Reached XP level 1. HP: 9/9 MP: 5/5
   274 | D:4      | Noticed a worker ant
   277 | D:4      | Gained mutation: You expend magic power (3 MP) to strengthen your wands. [potion of mutation]
   277 | D:4      | Gained mutation: You have a somewhat thin skeletal structure. (Dex +2, Stealth) [potion of mutation]
   277 | D:4      | Gained mutation: You are resistant to hostile enchantments. (MR+) [potion of mutation]
   299 | D:4      | Slain by a leopard gecko

Action                   || total
-------------------------++-------
Melee: Unarmed           ||     3
       Bite              ||     1
 Cast: Magic Dart        ||    12
  Use: Scroll            ||     4
       Potion            ||     3
Dodge: Dodged            ||     1

Table legend:
 A = Turns spent in this place as a percentage of turns spent in the entire game.
 B = Non-inter-level travel turns spent in this place as a percentage of non-inter-level travel turns spent in the entire game.
 C = Inter-level travel turns spent in this place as a percentage of turns spent in this place.
 D = Turns resting spent in this place as a percentage of non-inter-level travel turns spent in this place.
 E = Turns spent auto-exploring this place as a percentage of non-inter-level travel turns spent in this place.
 F = Non-inter-level travel turns spent in this place divided by the number of levels of this place that you've seen.
                   A       B       C       D       E      F
               +-------+-------+-------+-------+-------+----------------------
         Total | 100.0 | 100.0 |   2.7 |   0.0 |   0.0 |  72.8
       Dungeon | 100.0 | 100.0 |   2.7 |   0.0 |   0.0 |  72.8
               +-------+-------+-------+-------+-------+----------------------

Table legend:
 A = Kills in this place as a percentage of kills in entire the game.
 B = Kills by you in this place as a percentage of kills by you in the entire game.
 C = Kills by friends in this place as a percentage of kills by friends in the entire game.
 D = Other kills in this place as a percentage of other kills in the entire game.
 E = Experience gained in this place as a percentage of experience gained in the entire game.
 F = Experience gained in this place divided by the number of levels of this place that you have seen.
                   A       B       C       D       E      F
               +-------+-------+-------+-------+-------+----------------------
         Total | 100.0 | 100.0 |   N/A |   N/A | 100.0 |   1.5
       Dungeon | 100.0 | 100.0 |   N/A |   N/A | 100.0 |   1.5
               +-------+-------+-------+-------+-------+----------------------

Vault maps used:
D:1:      lightli_arrival_statue_moat
D:2:      serial_curves, eino_curves_01, eino_curves_01, eino_curves_04,
          eino_curves_03
D:3:      first_ration
D:4:      wad_pebble_path, minitemple, grunt_qazlal_sundering
